 Dungeon Sprint DCSS version 0.26-a0-712-ga5a9c9c9d0 (webtiles) character file.

Game seed: 4341404963176774855

170 mhtbhm the Covered (level 5, -1/51 (52) HPs)
             Began as a Minotaur Fighter on Oct 31, 2020.
             Was a Believer of Trog.
             Slain by a flying skull (5 damage)
             ... in the Dungeon (Sprint VII: "The Pits").
             The game lasted 00:00:57 (426 turns).

mhtbhm the Covered (Minotaur Fighter)                Turns: 426, Time: 00:00:58

HP:   -1/51 (52)    AC: 15    Str: 21    XL:     5   Next: 25%
MP:   4/4           EV:  5    Int:  5    God:    Trog [**....]
Gold: 0             SH: 11    Dex: 10    Spells: 4/4 levels left

rFire    . . .     SeeInvis .   a - +2 hand axe (freeze)
rCold    . . .     Faith    .   c - +0 kite shield
rNeg     . . .     Spirit   .   b - +2 plate armour
rPois    .         Reflect  .   (helmet restricted)
rElec    .         Harm     .   (no cloak)
rCorr    .         Rampage  .   (no gloves)
MR       .....     NoTele   +   (no boots)
Stlth    ..........             (no amulet)
HPRegen  0.17/turn              (no ring)
MPRegen  0.09/turn              (no ring)

@: no status effects
A: retaliatory headbutt, horns 2
a: Berserk, Trog's Hand, Renounce Religion


You were in the Dungeon.
You worshipped Trog.
Trog was pleased with you.
You visited 1 branch

Inventory:

Hand Weapons
 a - a +2 hand axe of freezing (weapon)
Armour
 b - a +2 plate armour (worn)
 c - a +0 kite shield (worn)
Scrolls
 j - a scroll of blinking
 l - 3 scrolls of remove curse
 m - a scroll of summoning
Potions
 d - a potion of might
 e - 6 potions of curing
 f - 6 potions of heal wounds
 g - a potion of haste
 h - 4 potions of magic
 i - 3 potions of berserk rage
 k - 2 potions of invisibility


   Skills:
 + Level 7.4 Fighting
 + Level 5.6 Axes
 + Level 7.9 Armour
 + Level 7.8 Shields


You had 4 spell levels left.
You didn't know any spells.
Your spell library was empty.

Dungeon Overview and Level Annotations

Branches:
Dungeon (1/1)

Altars:
Ashenzari
Cheibriados
Dithmenos
Elyvilon
Fedhas
Gozag
Hepliaklqana
Kikubaaqudgha
Makhleb
Nemelex Xobeh
Okawaru
Qazlal
Ru
Sif Muna
Trog
Uskayaw
Vehumet
Wu Jian
Xom
Yredelemnul
Zin
The Shining One
Beogh
Jiyva
Lugonu


Innate Abilities, Weirdness & Mutations

You reflexively headbutt those who attack you in melee.
You have a pair of horns on your head.


Message History

You miss the flying skull. Your headbutt misses the flying skull.
The flying skull is moderately damaged.
The flying skull hits you but does no damage.
You miss the flying skull. Your headbutt misses the flying skull.
The flying skull is moderately damaged.
The flying skull hits you but does no damage.
The flying skull closely misses you.
You miss the flying skull. Your headbutt misses the flying skull.
The flying skull is moderately damaged.
You block the flying skull's attack.
You miss the flying skull.
The flying skull is moderately damaged.
The flying skull barely misses you. You block the flying skull's attack.
You closely miss the flying skull.
The flying skull is moderately damaged.
You block the flying skull's attack.
You hit the flying skull but do no damage.
The flying skull is moderately damaged.
You block the flying skull's attack. The flying skull hits you.
You die...

##########'##.....
#.?(.')))'.##.....
##########.##.....
#...........'.....
#'#####'#####.....
#.#..#.)#..##.....
#.#..+..').#####'#
#.##'####'###.....
#@#.....รท..##.....
#z#........##.....
#K#####'#####...<.
#h#..[)))..##.....
#b#..[)))..##.....
#'###########.....
#.. ###### #..#
#...


You could see a black bear, a fire bat, a flying skull and a kobold.

Vanquished Creatures
  A necrophage (D)
  A bullfrog (D)
  A river rat (D)
  An ufetubus (D)
  An ooze (D)
  A leopard gecko (D)
  An orc (D)
  A giant cockroach (D)
  A bat (D)
  A kobold (D)
  A leopard gecko skeleton (D)
11 creatures vanquished.

Notes
Turn   | Place    | Note
-------+----------+-------------------------------------------
     0 | D        | mhtbhm the Minotaur Fighter began the quest for the Orb.
     0 | D        | Reached XP level 1. HP: 19/19 MP: 0/0
    14 | D        | Reached XP level 2. HP: 23/28 MP: 1/1
    68 | D        | Found a bloodstained altar of Trog.
    68 | D        | Found a shimmering blue altar of Sif Muna.
    68 | D        | Found a viscous altar of Jiyva.
    68 | D        | Found a hazy altar of Hepliaklqana.
    68 | D        | Found an opulent altar of Gozag.
    69 | D        | Found a glowing golden altar of the Shining One.
    69 | D        | Found a glowing silver altar of Zin.
    69 | D        | Found a basalt altar of Yredelemnul.
    69 | D        | Found a shimmering altar of Xom.
    69 | D        | Found an ornate altar of the Wu Jian Council.
    69 | D        | Found a sacrificial altar of Ru.
    69 | D        | Found a stormy altar of Qazlal.
    69 | D        | Found an iron altar of Okawaru.
    69 | D        | Found a sparkling altar of Nemelex Xobeh.
    69 | D        | Found a burning altar of Makhleb.
    69 | D        | Found a blossoming altar of Fedhas.
    69 | D        | Found a white marble altar of Elyvilon.
    69 | D        | Found a shadowy altar of Dithmenos.
    69 | D        | Found a snail-covered altar of Cheibriados.
    71 | D        | Found a radiant altar of Vehumet.
    71 | D        | Found a corrupted altar of Lugonu.
    71 | D        | Found a roughly hewn altar of Beogh.
    72 | D        | Found a hide-covered altar of Uskayaw.
    72 | D        | Found an ancient bone altar of Kikubaaqudgha.
    72 | D        | Found a broken altar of Ashenzari.
    75 | D        | Became a worshipper of Trog the Wrathful
   125 | D        | Reached * piety under Trog
   128 | D        | Noticed a necrophage
   130 | D        | Reached skill level 5 in Fighting
   130 | D        | Reached skill level 5 in Armour
   130 | D        | Reached skill level 5 in Shields
   130 | D        | Reached ** piety under Trog
   137 | D        | Killed a necrophage
   137 | D        | Reached XP level 3. HP: 24/37 MP: 2/2
   137 | D        | Reached XP level 4. HP: 29/44 MP: 3/3
   401 | D        | Noticed a bullfrog
   401 | D        | Noticed a flying skull
   401 | D        | Noticed a black bear
   408 | D        | Killed a bullfrog
   408 | D        | Reached skill level 5 in Axes
   408 | D        | Reached XP level 5. HP: 49/51 MP: 4/4
   412 | D        | Noticed a fire bat
   426 | D        | Slain by a flying skull

Illustrated notes

Levels and vault maps discovered:
D:        pitsprint [storerooms_1, entrance_room_1, metal_vault_1, armoury_3,
          mini_pit_1, grid_room_1, main_hall_1, silver_pit, the_coven_2,
          the_vestibule_1, steel_vault_1, golden_pit, hallway_of_sentries,
          crystal_vault_1, iron_vault_4, final_vault]

Skill      XL: |  1  2  3  4 |
---------------+-------------+-----
Fighting       | 4 6 7 |  7.4
Armour         | 4 6 7 |  7.9
Shields        | 4 6 7 |  7.8
Axes           | 4 5 |  5.6

Action                   |  1- 3 |  4- 6 || total
-------------------------+-------+-------++-------
Melee: War axe           |     2 |       ||     2
       Hand axe          |    15 |    26 ||    41
       Headbutt          |     4 |     3 ||     7
Armor: Scale mail        |     7 |       ||     7
       Plate armour      |       |     7 ||     7
Dodge: Dodged            |     4 |     4 ||     8
Block: Kite shield       |     7 |    10 ||    17

Table legend: (Time is in decaauts)
 A = Elapsed time spent in this place.
 B = Non-inter-level travel time spent in this place.
 C = Inter-level travel time spent in this place.
 D = Time resting spent in this place.
 E = Time spent auto-exploring this place.
 F = Levels seen in this place.
 G = Mean time per level.
                   A        B        C        D        E       F      G
               +--------+--------+--------+--------+--------+-----+--------+
         Total |    431 |    431 |      0 |    245 |     23 |   1 |  431.0 |
       Dungeon |    431 |    431 |      0 |    245 |     23 |   1 |  431.0 |
               +--------+--------+--------+--------+--------+-----+--------+

Top non-repeatable levels by time:
       D: 431 daAuts
